Map: 2000 Atmospheres LE

Players

milkicow

  • Race: Terran Terran
  • League: Grandmaster

SKillous - Winner!

  • Race: Protoss Protoss
  • League: Grandmaster

Event: DreamHack SC2 Masters 2021 Summer

VOD

Have the link to the VOD?

Description

Time

  • Played on: May 30, 2021, 12:23 p.m.
  • Length: 13:25

All games in this series

Show
View Real Time Build Order
Export as new Build Order

milkicow Terran 

Build Orders:  

Get SALT Encoding   

  12  0:00  SCV  
  13  0:12  SCV  
  14  0:17  Supply Depot  
  14  0:25  SCV  
  15  0:38  SCV  
  15  0:40  Barracks  
  16  0:43  Refinery  
  16  0:51  SCV  
  17  1:03  SCV  
  18  1:15  SCV  
  19  1:26  Marine  
  19  1:27  Orbital Command  
  20  1:46  Command Center  
  20  1:47  Barracks Reactor  
  20  1:52  SCV  
  21  1:55  Supply Depot  
  21  2:04  SCV  
  22  2:16  SCV  
  23  2:24  Reaper  
  23  2:25  Reaper  
  23  2:28  SCV  
  26  2:34  Command Center  
  26  2:41  SCV  
  27  2:45  Factory  
  27  2:53  SCV  
  27  2:56  Marine x2  
  30  3:03  Orbital Command  
  30  3:08  SCV  
  31  3:12  Bunker  
  31  3:15  Orbital Command, Marine  
  32  3:20  SCV  
  32  3:21  Marine  
  34  3:30  Starport  
  34  3:33  SCV  
  35  3:34  Marine  
  35  3:35  Factory Tech Lab  
  35  3:41  SCV  
  37  3:45  SCV  
  37  3:46  Marine  
  39  3:49  Orbital Command  
  39  3:53  SCV, Barracks  
  40  3:55  Barracks  
  40  3:58  Siege Tank  
  40  3:59  SCV  
  44  4:03  Marine  
  44  4:04  Refinery  
  44  4:05  Marine  
  44  4:07  SCV  
  47  4:11  SCV  
  48  4:17  SCV  
  48  4:19  SCV  
  48  4:21  Marine  
  48  4:23  SCV  
  51  4:25  Marine  
  51  4:28  Refinery  
  51  4:30  SCV  
  53  4:31  SCV  
  53  4:33  Bunker  
  53  4:35  Siege Tank  
  53  4:36  Bunker  
  56  4:42  Barracks Tech Lab  
  56  4:43  Bunker, Marine  
  56  4:45  Marine  
  58  4:46  Marine  
  58  4:48  SCV  
  58  4:52  SCV  
  61  5:06  Supply Depot  
  61  5:07  Supply Depot  
  61  5:08  SCV, Marine x2, Siege Tank  
  61  5:14  Engineering Bay  
  69  5:18  Stimpack  
  69  5:19  SCV x2  
  69  5:21  Supply Depot  
  69  5:25  SCV, Marauder  
  69  5:27  Marine x2  
  71  5:31  Marine  
  71  5:33  SCV  
  62  5:36  SCV  
  62  5:39  SCV  
  63  5:45  Marine, Siege Tank  
  63  5:46  SCV  
  63  5:49  Engineering Bay  
  65  5:52  Marine  
  65  5:53  Marauder  
  65  5:54  SCV, Marine  
  64  5:58  SCV  
  64  6:03  Marine  
  66  6:05  SCV  
  66  6:06  Bunker  
  66  6:07  Starport, SCV  
  66  6:09  Terran Infantry Weapons Level 1  
  66  6:10  Marine  
  69  6:13  Refinery  
  69  6:14  Marauder  
  71  6:23  SCV  
  72  6:28  Marine x2  
  72  6:29  SCV  
  72  6:30  Siege Tank  
  78  6:33  Marine  
  78  6:34  SCV  
  78  6:35  Marauder  
  79  6:46  Medivac  
  77  6:50  SCV, Marine  
  77  6:52  Marine  
  77  6:53  SCV, Marine  
  78  6:55  SCV  
  78  6:57  Marauder  
  74  7:02  SCV  
  74  7:06  SCV  
  74  7:07  Marine, Siege Tank  
  71  7:09  Marine  
  71  7:11  SCV  
  71  7:12  Barracks Tech Lab  
  73  7:18  Bunker, Marauder  
  75  7:24  SCV x2  
  75  7:25  Marine  
  75  7:26  Starport Reactor  
  75  7:27  Marine  
  78  7:30  Barracks, Combat Shield  
  78  7:31  Marine  
  78  7:34  SCV  
  79  7:37  SCV  
  79  7:40  Marauder  
  79  7:42  Barracks  
  79  7:43  Marine  
  83  7:45  Marine  
  83  7:48  Missile Turret  
  83  7:49  SCV, Marauder  
  83  7:51  SCV, Bunker  
  87  7:52  SCV  
  87  7:56  Siege Tank  
  92  8:01  Marine  
  92  8:02  Marauder  
  93  8:08  Terran Infantry Armor Level 1  
  93  8:10  SCV  
  93  8:11  Marine  
  93  8:20  SCV, Marauder, Marine, Medivac, Supply Depot  
  93  8:21  Marine  
  93  8:22  Orbital Command  
  93  8:25  SCV  
  101  8:30  Marauder  
  101  8:31  Marine  
  101  8:32  Marine  
  101  8:36  Supply Depot  
  101  8:37  Supply Depot  
  101  8:42  SCV x2, Marauder, Marine, Supply Depot  
  101  8:46  Ghost Academy  
  101  8:47  SCV  
  107  8:52  Marauder  
  107  8:53  Barracks Tech Lab  
  109  8:57  Marine  
  109  8:58  SCV  
  109  8:59  Marine  
  109  9:00  Barracks Reactor  
  109  9:01  Supply Depot  
  109  9:02  SCV  
  113  9:04  Marauder  
  113  9:05  SCV, Supply Depot  
  113  9:07  Siege Tank  
  119  9:14  Marauder, Marine  
  119  9:15  SCV, Supply Depot  
  119  9:16  Supply Depot  
  123  9:20  Enhanced Shockwaves  
  123  9:22  SCV  
  124  9:24  Refinery, Marine  
  124  9:25  Refinery  
  124  9:29  Marauder  
  127  9:33  Missile Turret  
  127  9:34  Marauder, Marine  
  127  9:35  SCV  
  131  9:39  Supply Depot x2  
  131  9:42  Viking  
  131  9:43  Viking  
  135  9:47  Marauder  
  135  9:49  Siege Tank  
  140  9:59  Marine  
  142  10:00  Marauder  
  142  10:01  Missile Turret  
  142  10:02  Bunker, Supply Depot  
  142  10:03  Supply Depot  
  142  10:04  Marauder  
  144  10:10  Ghost  
  145  10:16  Marine x2  
  145  10:17  Marine  
  145  10:18  Viking x2  
  153  10:21  Marauder  
  153  10:25  Ghost  
  155  10:30  Command Center  
  154  10:37  Marine, Siege Tank  
  154  10:38  Ghost  
  158  10:48  SCV x2  
  158  10:49  Ghost  
  150  10:50  SCV  
  147  11:04  SCV  
  147  11:07  Command Center  
  147  11:09  Siege Tank  
  147  11:11  Ghost  
  151  11:15  SCV x2  
  155  11:23  Marauder, Marine  
  158  11:31  Viking  
  158  11:32  Sensor Tower  
  160  11:39  Concussive Shells  
  160  11:40  Ghost  
  160  11:44  Marine, Siege Tank  
  166  11:52  Marauder  
  163  11:56  Marine  
  163  11:57  Marauder  
  161  12:07  SCV  
  161  12:08  SCV  
  163  12:10  Medivac x2  
  164  12:16  SCV  
  164  12:17  Orbital Command  
  164  12:29  Marauder, Marine  
  150  12:32  SCV  
  150  12:33  SCV, Marauder, Marine  
  152  12:40  Medivac  
  152  12:42  SCV  
  155  12:44  SCV  
  155  12:45  SCV  
  155  12:48  Medivac  
  159  12:54  SCV  
  159  12:56  SCV, Marine  
  159  12:57  SCV  
  130  13:03  Marine  
Show
View Real Time Build Order
Export as new Build Order

SKillous Protoss - Winner!

Build Orders: 1 Gate Expand, Blink Stalkers 

Get SALT Encoding   

  12  0:00  Probe  
  13  0:12  Probe  
  14  0:17  Pylon  
  14  0:24  Probe (Chrono Boost)  
  15  0:36  Gateway  
  15  0:37  Probe (Chrono Boost)  
  16  0:44  Probe (Chrono Boost)  
  16  0:47  Assimilator  
  17  0:51  Probe  
  18  1:03  Probe  
  19  1:15  Probe  
  20  1:23  Cybernetics Core  
  20  1:33  Nexus  
  20  1:41  Pylon  
  20  1:43  Probe  
  21  1:51  Assimilator  
  21  1:55  Probe  
  21  1:58  Adept (Chrono Boost)  
  24  2:02  Warp Gate  
  24  2:07  Probe (Chrono Boost)  
  25  2:19  Probe (Chrono Boost)  
  26  2:27  Probe (Chrono Boost), Twilight Council  
  27  2:33  Probe (Chrono Boost)  
  27  2:35  Stalker  
  30  2:45  Probe (Chrono Boost)  
  32  2:51  Probe (Chrono Boost)  
  32  2:54  Probe (Chrono Boost)  
  34  2:58  Probe (Chrono Boost), Blink (Chrono Boost)  
  34  2:59  Probe (Chrono Boost)  
  35  3:10  Probe  
  35  3:11  Probe  
  37  3:14  Gateway  
  37  3:22  Probe, Robotics Facility  
  37  3:23  Probe  
  39  3:34  Probe  
  40  3:35  Probe  
  40  3:38  Gateway x2  
  41  3:46  Probe  
  41  3:48  Probe, Pylon  
  43  3:50  Stalker  
  45  3:58  Probe, Assimilator  
  46  4:04  Pylon  
  46  4:07  Probe  
  47  4:10  Probe, Warp Prism (Chrono Boost)  
  50  4:20  Stalker x2  
  55  4:29  Pylon x2  
  54  4:35  Stalker x2  
  58  4:40  Observer (Chrono Boost)  
  58  4:43  Stalker  
  61  4:48  Stalker  
  63  4:53  Pylon  
  63  5:02  Stalker x2  
  63  5:04  Probe x2  
  63  5:06  Assimilator  
  63  5:07  Stalker  
  71  5:11  Stalker  
  71  5:13  Pylon  
  73  5:18  Probe  
  66  5:38  Stalker  
  66  5:39  Observer, Stalker x3  
  74  5:43  Nexus  
  74  5:44  Pylon  
  66  6:02  Stalker x4  
  66  6:03  Probe x2 (Chrono Boost)  
  76  6:08  Robotics Bay  
  76  6:14  Probe (Chrono Boost)  
  77  6:21  Probe (Chrono Boost)  
  77  6:22  Probe (Chrono Boost)  
  77  6:25  Stalker x4  
  86  6:33  Probe (Chrono Boost)  
  80  6:42  Probe x2 (Chrono Boost)  
  80  6:44  Charge  
  80  6:53  Stalker x4  
  88  6:57  Pylon  
  88  7:04  Probe (Chrono Boost)  
  88  7:07  Colossus  
  96  7:12  Probe x2 (Chrono Boost)  
  96  7:13  Probe (Chrono Boost)  
  98  7:18  Probe (Chrono Boost)  
  99  7:23  Probe x2  
  99  7:26  Extended Thermal Lance  
  99  7:29  Forge x2  
  99  7:30  Probe (Chrono Boost)  
  99  7:35  Stalker x3  
  107  7:37  Probe (Chrono Boost)  
  107  7:43  Assimilator  
  108  7:49  Assimilator  
  107  7:51  Pylon  
  107  7:54  Gateway  
  107  7:55  Gateway  
  107  7:57  Colossus (Chrono Boost)  
  107  7:58  Gateway  
  113  8:08  Gateway  
  113  8:11  Shield Battery  
  113  8:12  Pylon  
  113  8:15  Protoss Ground Weapons Level 1 (Chrono Boost)  
  113  8:16  Protoss Ground Armor Level 1 (Chrono Boost)  
  113  8:18  Probe  
  114  8:33  Templar Archives, Nexus  
  112  8:34  Pylon  
  112  8:39  Sentry x2  
  112  8:40  Zealot x2  
  120  8:49  Colossus  
  120  8:50  Pylon  
  120  8:52  Observer  
  126  8:56  Probe x3  
  129  9:02  Pylon  
  129  9:06  Gateway x2  
  129  9:08  Probe  
  130  9:12  Probe  
  130  9:13  Shield Battery  
  130  9:14  Photon Cannon, Pylon  
  130  9:15  High Templar x2  
  130  9:16  Zealot  
  137  9:20  Archon  
  137  9:21  Zealot x2  
  137  9:22  Probe  
  142  9:24  Probe  
  142  9:30  Photon Cannon  
  143  9:32  Probe  
  143  9:35  Probe  
  143  9:36  Probe  
  143  9:38  Dark Shrine  
  146  9:43  Zealot  
  146  9:44  Probe  
  146  9:45  Zealot, Pylon  
  149  9:47  Probe  
  152  9:55  High Templar x4  
  152  9:56  Zealot x2  
  152  9:57  Probe x2  
  166  10:02  Archon x2, Assimilator  
  166  10:06  Assimilator  
  164  10:07  Protoss Ground Armor Level 2 (Chrono Boost)  
  164  10:08  Probe x2, Protoss Ground Weapons Level 2 (Chrono Boost)  
  164  10:10  Pylon  
  166  10:19  Zealot x4  
  166  10:20  Zealot  
  176  10:22  Zealot  
  176  10:27  Zealot x3  
  184  10:29  Zealot  
  186  10:36  Robotics Facility  
  170  10:50  Shadow Stride (Chrono Boost)  
  170  10:55  Zealot x10  
  182  10:58  Probe x2  
  184  11:10  Nexus  
  184  11:11  Pylon  
  184  11:15  Zealot x7  
  198  11:25  Observer  
  198  11:30  Gateway  
  198  11:31  Gateway  
  198  11:37  Gateway  
  198  11:39  Gravitic Boosters (Chrono Boost), Gateway  
  198  11:41  Observer x2  
  198  11:58  Dark Templar x8  
  198  11:59  Dark Templar  
  198  12:22  Disruptor x2  
  191  12:24  Zealot x2  
  191  12:29  Zealot  
  188  12:30  Zealot x6  
  198  12:40  Zealot x3  
  152  13:01  Zealot x4  
  152  13:02  Zealot x9  
  157  13:17  Dark Templar  
Tags
 
Add a new tag
Caveats
  • Supply blocks, unpowered buildings, or Contaminate may cause inaccurate times.
  • Supply counts are checked every 10 seconds.